 Dungeon Crawl Stone Soup version 0.30-a0-6-g7c9e10e132 (webtiles) character file.

Game seed: 9638923100305291597

251 night the Grave Robber (level 6, -2/44 HPs)
             Began as a Gnoll Necromancer on Aug 21, 2022.
             Slain by Duvessa
             ... wielding a +1 antimagic short sword
              (13 damage)
             ... on level 4 of the Dungeon on Aug 22, 2022.
             The game lasted 00:12:14 (3923 turns).

night the Grave Robber (Gnoll Necromancer)          Turns: 3923, Time: 00:12:14

Health: -2/44      AC:  3    Str:  8    XL:     6   Next: 13%
Magic:  5/14       EV: 13    Int: 16    God:
Gold:   277        SH:  5    Dex: 12    Spells: 10/15 levels left

rFire   . . .      SeeInvis .    t - +6 dagger (venom)
rCold   . . .      Faith    .    (no shield)
rNeg    . . .      Spirit   .    a - +0 robe
rPois   .          Reflect  +    (no helmet)
rElec   .          Harm     .    k - +0 cloak
rCorr   .          Rampage  .    (no gloves)
Will    .....                    (no boots)
Stlth   +++.......               p - amulet of reflection
HPRegen 0.14/turn                (no ring)
MPRegen 0.14/turn                (no ring)

@: no status effects
A: fangs 1, strong nose, distributed training
a: no special abilities


You were on level 4 of the Dungeon.
You visited 1 branch of the dungeon, and saw 4 of its levels.

You collected 277 gold pieces.

Inventory:

Hand Weapons
 f - a +0 mace
 s - a +0 war axe
 t - a +6 dagger of venom (weapon)
Missiles
 d - 38 stones
 j - 4 javelins
 n - 6 poisoned darts
Armour
 a - a +0 robe (worn)
 k - a +0 cloak (worn)
Jewellery
 p - an amulet of reflection (around neck)
 q - a +4 ring of slaying
Wands
 r - a wand of roots (9)
Scrolls
 c - a scroll of fog
 e - 4 scrolls of identify {unknown}
 g - a scroll of enchant armour {unknown}
 l - 3 scrolls of teleportation {unknown}
 o - a scroll of fear {unknown}
Potions
 b - a potion of magic
 h - a potion of invisibility {unknown}
 i - a potion of degeneration {unknown}
 m - 2 potions of curing {unknown}


   Skills:
 + Level 1.9 Fighting
 + Level 1.9 Short Blades
 + Level 1.9 Long Blades
 + Level 1.9 Axes
 + Level 1.9 Maces & Flails
 + Level 1.9 Polearms
 + Level 1.9 Staves
 + Level 1.9 Ranged Weapons
 + Level 1.9 Throwing
 + Level 1.9 Armour
 + Level 4.9 Dodging
 + Level 4.5 Stealth
 + Level 1.9 Shields
 + Level 1.9 Unarmed Combat
 + Level 5.3 Spellcasting
 + Level 1.5 Conjurations
 + Level 1.5 Hexes
 + Level 1.5 Summonings
 + Level 7.2 Necromancy
 + Level 1.5 Translocations
 + Level 1.5 Transmutations
 + Level 1.5 Fire Magic
 + Level 1.5 Ice Magic
 + Level 1.5 Air Magic
 + Level 1.5 Earth Magic
 + Level 1.5 Poison Magic
 + Level 2.1 Invocations
 + Level 1.9 Evocations


You had 10 spell levels left.
You knew the following spells:

 Your Spells              Type           Power      Damage    Failure   Level
a - Necrotise             Necr           100%       1d9       1%          1
b - Animate Dead          Necr           27%        N/A       8%          4

Your spell library contained the following spells:

 Spells                   Type           Power      Damage    Failure   Level
 Vampiric Draining        Necr           27%        2d7       2%          3
 Agony                    Necr           27%        N/A       21%         5


Dungeon Overview and Level Annotations

Branches:
Dungeon (4/15)
 Temple: D:4-7

Altars:
Nemelex Xobeh
Okawaru

Shops:
D:1 *

Annotations:
D:4 Duvessa


Innate Abilities, Weirdness & Mutations

You have very sharp teeth.
Your uncanny sense of smell can sniff out nearby items.
Your experience applies equally to all skills.


Message History

Casting: Necrotise (safe; 1% risk of failure)
Confirm with . or Enter, or press ? or * to list all spells.
Aiming: Necrotise (safe; 1% risk of failure)
Press: ? - help, Shift-Dir - straight line, f - Duvessa
Aim: Duvessa, wielding a +1 antimagic short sword, wearing a +0 chain mail and carrying a wand of flame (13) (berserk, chance to affect: 70%) Duvessa writhes in agony.
Casting: Necrotise (safe; 1% risk of failure)
Confirm with . or Enter, or press ? or * to list all spells.
Aiming: Necrotise (safe; 1% risk of failure)
Press: ? - help, Shift-Dir - straight line, f/p - Duvessa
Aim: Duvessa, wielding a +1 antimagic short sword, wearing a +0 chain mail and carrying a wand of flame (13) (lightly wounded, berserk, chance to affect: 70%) Duvessa struggles to resist.
Casting: Necrotise (safe; 1% risk of failure)
Confirm with . or Enter, or press ? or * to list all spells.
Aiming: Necrotise (safe; 1% risk of failure)
Press: ? - help, Shift-Dir - straight line, f/p - Duvessa
Aim: Duvessa, wielding a +1 antimagic short sword, wearing a +0 chain mail and carrying a wand of flame (13) (lightly wounded, berserk, chance to affect: 70%) Duvessa struggles to resist.
Duvessa hits you with a +1 antimagic short sword!
You feel your power leaking away.
You hit Duvessa.
Duvessa is poisoned.
Duvessa is lightly wounded.
You block Duvessa's attack.
Aiming: Fastroot
Press: ? - help, Shift-Dir - straight line, f/p - Duvessa
Aim: Duvessa, wielding a +1 antimagic short sword, wearing a +0 chain mail and carrying a wand of flame (13) (lightly wounded, berserk, very poisoned)
The roots erupt in riotous growth!
Roots grab Duvessa.
The grasping roots constrict Duvessa, but do no damage.
Duvessa hits you with a +1 antimagic short sword!
You feel your power leaking away.
Duvessa hits you with a +1 antimagic short sword.
* * * LOW HITPOINT WARNING * * *
The grasping roots constrict Duvessa.
The roots release their grip on Duvessa.
You see here a +0 robe.
As you read the scroll labelled BOS TOALIMM, it crumbles to dust.
The scroll dissolves into smoke.
It was a scroll of fog.
Duvessa hits you with a +1 antimagic short sword!
You die...

#...#. .♣. .♣
#.... ..♣.♣ .
#.!..#)..♣...
#.#............
#.......#
####....#
###§§# ##e# #@#
### #§######
.... #§§....#
.....##......#
...........<.#
.....#.......#
.[...........#
...>###>.....#
... ##.....#


You could see Duvessa (berserk, very poisoned).

Vanquished Creatures
  Dowan (D:4)
  An orc priest (D:3)
  Terence (D:3)
  7 adders
  An ufetubus (D:4)
  3 orcs (D:3)
  8 ball pythons
  7 bats
  6 endoplasms
  6 giant cockroaches
  5 goblins
  4 hobgoblins
  4 jackals (D:1)
  A quokka (D:3)
  5 frilled lizards
  10 kobolds
  3 rats
73 creatures vanquished.

Vanquished Creatures (collateral kills)
  A giant cockroach (D:3)
  A hobgoblin (D:3)
  2 jackals (D:1)
  A frilled lizard (D:1)
5 creatures vanquished.

Vanquished Creatures (others)
  A ball python zombie (D:3)
  A giant cockroach zombie (D:3)
  A goblin zombie (D:3)
3 creatures vanquished.

Grand Total: 81 creatures vanquished

Notes
Turn   | Place    | Note
-------+----------+-------------------------------------------
     0 | D:1      | night the Gnoll Necromancer began the quest for the Orb.
     0 | D:1      | Reached XP level 1. HP: 13/13 MP: 6/6
   113 | D:1      | Found Ragrom's Assorted Antiques.
   208 | D:1      | Reached XP level 2. HP: 19/19 MP: 2/7
   640 | D:1      | Reached skill level 5 in Spellcasting
   640 | D:1      | Reached XP level 3. HP: 25/25 MP: 6/9
   894 | D:1      | Found a faded altar of an unknown god.
  1021 | D:1      | Reached skill level 1 in Invocations
  1458 | D:2      | Reached skill level 1 in Fighting
  1458 | D:2      | Reached skill level 1 in Short Blades
  1458 | D:2      | Reached skill level 1 in Long Blades
  1458 | D:2      | Reached skill level 1 in Axes
  1458 | D:2      | Reached skill level 1 in Maces & Flails
  1458 | D:2      | Reached skill level 1 in Polearms
  1458 | D:2      | Reached skill level 1 in Staves
  1458 | D:2      | Reached skill level 1 in Ranged Weapons
  1458 | D:2      | Reached skill level 1 in Throwing
  1458 | D:2      | Reached skill level 1 in Armour
  1458 | D:2      | Reached skill level 1 in Shields
  1458 | D:2      | Reached skill level 1 in Unarmed Combat
  1458 | D:2      | Reached skill level 1 in Evocations
  1654 | D:2      | Reached XP level 4. HP: 25/32 MP: 7/11
  1830 | D:2      | Found a sparkling altar of Nemelex Xobeh.
  2136 | D:2      | Identified the +0 pair of boots "Deaghiga" {rPois}
  2360 | D:2      | Learned a level 4 spell: Animate Dead
  2473 | D:3      | Reached skill level 1 in Conjurations
  2473 | D:3      | Reached skill level 1 in Hexes
  2473 | D:3      | Reached skill level 1 in Summonings
  2473 | D:3      | Reached skill level 1 in Translocations
  2473 | D:3      | Reached skill level 1 in Transmutations
  2473 | D:3      | Reached skill level 1 in Fire Magic
  2473 | D:3      | Reached skill level 1 in Ice Magic
  2473 | D:3      | Reached skill level 1 in Air Magic
  2473 | D:3      | Reached skill level 1 in Earth Magic
  2473 | D:3      | Reached skill level 1 in Poison Magic
  2597 | D:3      | Reached XP level 5. HP: 24/37 MP: 8/12
  2894 | D:3      | Noticed Terence
  2956 | D:3      | HP: 5/37 [Terence/+0 hand axe (4)]
  2958 | D:3      | Killed Terence
  3708 | D:3      | Upgraded the game from 0.30-a0-4-ga7cffc901d to
                  | 0.30-a0-6-g7c9e10e132
  3745 | D:4      | Noticed Dowan
  3746 | D:4      | Found an iron altar of Okawaru.
  3759 | D:4      | Reached skill level 2 in Invocations
  3761 | D:4      | Killed Dowan
  3762 | D:4      | Reached XP level 6. HP: 26/44 MP: 10/14
  3915 | D:4      | Noticed Duvessa
  3923 | D:4      | Slain by Duvessa

Illustrated notes

Levels and vault maps discovered:
D:1:      dpeg_arrival_water_temple_mockup, layout_loops_ring, serial_shops,
          shop_statue, basic_ecumenical_altar, minmay_misc_feat_rows
D:2:      layout_basic, basic_altar
D:3:      layout_loops_ring, corner_web_ring, uniq_terence
D:4:      layout_rooms, okawaru_trees_2, gammafunk_ghost_split,
          minmay_box_of_dots, uniq_eustachio, uniq_duvessa, uniq_blork_the_orc

Skill      XL: |  1  2  3  4  5 |
---------------+----------------+-----
Spellcasting   | 5 |  5.3
Invocations    | 1 2 |  2.1
Fighting       | 1 |  1.9
Short Blades   | 1 |  1.9
Long Blades    | 1 |  1.9
Axes           | 1 |  1.9
Maces & Flails | 1 |  1.9
Polearms       | 1 |  1.9
Staves         | 1 |  1.9
Ranged Weapons | 1 |  1.9
Throwing       | 1 |  1.9
Armour         | 1 |  1.9
Shields        | 1 |  1.9
Unarmed Combat | 1 |  1.9
Evocations     | 1 |  1.9
Conjurations   | 1 |  1.5
Hexes          | 1 |  1.5
Summonings     | 1 |  1.5
Translocations | 1 |  1.5
Transmutations | 1 |  1.5
Fire Magic     | 1 |  1.5
Ice Magic      | 1 |  1.5
Air Magic      | 1 |  1.5
Earth Magic    | 1 |  1.5
Poison Magic   | 1 |  1.5
Dodging        | |  4.9
Stealth        | |  4.5
Necromancy     | |  7.2

Action                   |  1- 3 |  4- 6 || total
-------------------------+-------+-------++-------
Melee: Mace              |    16 |    38 ||    54
       Bite              |     3 |     7 ||    10
       Punch             |       |     1 ||     1
       War axe           |       |     2 ||     2
       Dagger            |       |     1 ||     1
 Cast: Necrotise         |    62 |    62 ||   124
       Animate Dead      |       |     2 ||     2
Evoke: Wand              |       |     1 ||     1
  Use: Scroll            |       |     1 ||     1
 Stab: Sleeping          |       |     1 ||     1
Armor: Robe              |     3 |    17 ||    20
Dodge: Dodged            |    21 |    63 ||    84
Block: Other             |       |     9 ||     9

Table legend: (Time is in decaauts)
 A = Elapsed time spent in this place.
 B = Non-inter-level travel time spent in this place.
 C = Inter-level travel time spent in this place.
 D = Time resting spent in this place.
 E = Time spent auto-exploring this place.
 F = Levels seen in this place.
 G = Mean time per level.
                   A        B        C        D        E       F      G
               +--------+--------+--------+--------+--------+-----+--------+
         Total |   3939 |   3807 |    132 |    152 |   3080 |   4 |  984.8 |
       Dungeon |   3939 |   3807 |    132 |    152 |   3080 |   4 |  984.8 |
               +--------+--------+--------+--------+--------+-----+--------+

Top non-repeatable levels by time:
     D:3: 1345 daAuts
     D:1: 1267 daAuts
     D:2: 1132 daAuts
     D:4: 194 daAuts
